PL
PHOENIX HOTSPUR @ NORTHERN VIRGINIA RAINBOW MERMAIDS
09/14/2029
 
TOP OF THE 1ST
Phoenix Hotspur batting - Pitching for Northern Virginia Rainbow Mermaids : RHP Natalino Golaio
Pitching: RHP Natalino Golaio
Batting: RHB Roland Deschain 0-0: Ball
1-0: Ground out 4-3 (Groundball, 4)
Batting: RHB Kyle Bywaters 0-0: Called Strike
0-1: Ground out 3-1 (Groundball, 34)
Batting: LHB Francisco García 0-0: Called Strike
0-1: Ball
1-1: Swinging Strike
1-2: SINGLE (Groundball, 6MD)
Batting: LHB Mario Cruz 0-0: Called Strike
Francisco García steals 2nd base
0-1: Ball
1-1: Ball
2-1: Foul Ball, location: 2F
2-2: Strikes out looking and he ARGUES THE CALL AND IS TOSSED!
Top of the 1st over - 0 runs, 1 hit, 0 errors, 1 left on base; Phoenix 0 - Northern Virginia 0
BOTTOM OF THE 1ST
Northern Virginia Rainbow Mermaids batting - Pitching for Phoenix Hotspur : RHP Miguel Rubia
Pitching: RHP Miguel Rubia
Now at 1B: Jesús González
Batting: RHB Brett Callison 0-0: Called Strike
0-1: Ball
1-1: Ball
2-1: Swinging Strike
2-2: Foul Ball, location: 2F
2-2: Ball
3-2: Reached on error, E1 (Groundball, 15S)
Batting: LHB Ty Tomblin 0-0: Called Strike
0-1: Ball
1-1: Fielders Choice at 2nd, 1-4 (Groundball, 15S)
Batting: RHB Alfredo Pizarro 0-0: Called Strike
0-1: Ball
1-1: Ball
2-1: Ball
3-1: Fly out, F9 (Line Drive, 9S)
Batting: LHB Roberto Sánchez 0-0: Ground out 4-3 (Groundball, 34)
Bottom of the 1st over - 0 runs, 0 hits, 1 error, 1 left on base; Phoenix 0 - Northern Virginia 0
TOP OF THE 2ND
Phoenix Hotspur batting - Pitching for Northern Virginia Rainbow Mermaids : RHP Natalino Golaio
Batting: RHB Randy Rehling 0-0: Swinging Strike
0-1: SINGLE (Line Drive, 9LS)
Batting: RHB Ted Cook 0-0: Ball
1-0: SINGLE (Line Drive, 34)
Randy Rehling to second
Batting: LHB Shojiro Ueda 0-0: Called Strike
0-1: Foul Ball, location: 2F
0-2: Strikes out swinging
Batting: RHB Pierre Bernard 0-0: SINGLE (Groundball, 4MD)
Randy Rehling to third
Ted Cook to second
Batting: LHB Wagaw Lukongolo 0-0: Ball
1-0: Fly out, F7 (Flyball, 7S)
Batting: RHB Roland Deschain 0-0: Ball
Wild Pitch!
Randy Rehling scores
Ted Cook to third
Pierre Bernard to second
1-0: Fly out, F7 (Line Drive, 7)
Top of the 2nd over - 1 run, 3 hits, 0 errors, 2 left on base; Phoenix 1 - Northern Virginia 0
BOTTOM OF THE 2ND
Northern Virginia Rainbow Mermaids batting - Pitching for Phoenix Hotspur : RHP Miguel Rubia
Batting: SHB Eustacio Tafalla 0-0: Ball
1-0: Ground out U3 (Groundball, 34S)
Batting: LHB Rafael Sánchez 0-0: Ball
1-0: Ball
2-0: Foul Ball, location: 2F
2-1: Swinging Strike
2-2: Foul Ball, location: 2F
2-2: Strikes out looking
Batting: RHB Lionel McCloud 0-0: Ball
1-0: Ground out 6-3 (Groundball, 6M)
Bottom of the 2nd over - 0 runs, 0 hits, 0 errors, 0 left on base; Phoenix 1 - Northern Virginia 0
TOP OF THE 3RD
Phoenix Hotspur batting - Pitching for Northern Virginia Rainbow Mermaids : RHP Natalino Golaio
Batting: RHB Kyle Bywaters 0-0: Ball
1-0: Foul Ball, location: 2F
1-1: Ball
2-1: Ground out 1-3 (Groundball, 15)
Batting: LHB Francisco García 0-0: Called Strike
0-1: Hit by Pitch
Batting: SHB Jesús González 0-0: Swinging Strike
0-1: SINGLE (Groundball, 56D)
Francisco García to second
Batting: RHB Randy Rehling 0-0: Ball
1-0: Called Strike
Francisco García steals 3rd base
Jesús González to second
1-1: Called Strike
1-2: Strikes out swinging
Batting: RHB Ted Cook 0-0: Ball
1-0: Ball
2-0: Ball
3-0: Called Strike
3-1: SINGLE (Groundball, 4MD)
Francisco García scores
Jesús González to third
Runner from 3rd tries for Home, SAFE, no throw
Batting: LHB Shojiro Ueda 0-0: Ball
1-0: Called Strike
1-1: Foul Ball, location: 2F
1-2: Ball
2-2: Strikes out swinging
Top of the 3rd over - 2 runs, 2 hits, 0 errors, 1 left on base; Phoenix 3 - Northern Virginia 0
BOTTOM OF THE 3RD
Northern Virginia Rainbow Mermaids batting - Pitching for Phoenix Hotspur : RHP Miguel Rubia
Batting: LHB Guillermo Arellano 0-0: Called Strike
0-1: Foul Ball, location: 2F
0-2: Ball
1-2: Ball
2-2: Fly out, F7 (Flyball, 78XD)
Batting: RHB Colt Cabana 0-0: Ball
1-0: Ball
2-0: Bunt for hit - play at first, batter OUT! 1-3
Batting: RHB Brett Callison 0-0: Called Strike
0-1: SINGLE (Line Drive, 89S)
Batting: LHB Ty Tomblin 0-0: Fly out, F9 (Flyball, 9S)
Bottom of the 3rd over - 0 runs, 1 hit, 0 errors, 1 left on base; Phoenix 3 - Northern Virginia 0
TOP OF THE 4TH
Phoenix Hotspur batting - Pitching for Northern Virginia Rainbow Mermaids : RHP Natalino Golaio
Batting: RHB Pierre Bernard 0-0: Called Strike
0-1: Foul Ball, location: 2F
0-2: Ball
1-2: Ground out 5-3 (Groundball, 56S)
Batting: LHB Wagaw Lukongolo 0-0: Swinging Strike
0-1: Foul Ball, location: 2F
0-2: Ball
1-2: Strikes out swinging, 2-3 out at first.
Batting: RHB Roland Deschain 0-0: Swinging Strike
0-1: Swinging Strike
0-2: Ball
1-2: Ball
2-2: Foul Ball, location: 2F
2-2: Foul Ball, location: 2F
2-2: Foul Ball, location: 2F
2-2: Fly out, F5 (Line Drive, 5)
Top of the 4th over - 0 runs, 0 hits, 0 errors, 0 left on base; Phoenix 3 - Northern Virginia 0
BOTTOM OF THE 4TH
Northern Virginia Rainbow Mermaids batting - Pitching for Phoenix Hotspur : RHP Miguel Rubia
Batting: RHB Alfredo Pizarro 0-0: Called Strike
0-1: Ball
1-1: Foul Ball, location: 2F
1-2: Foul Ball, location: 2F
1-2: Foul Ball, location: 2F
1-2: Ball
2-2: Ball
3-2: Foul Ball, location: 2F
3-2: Base on Balls
Batting: LHB Roberto Sánchez 0-0: Called Strike
0-1: Ball
1-1: Foul Ball, location: 2F
1-2: SINGLE (Groundball, 34D)
Alfredo Pizarro to second
Runner from 2nd tries for 3rd, SAFE, throw made to third
Batting: SHB Eustacio Tafalla 0-0: Ball
1-0: Ball
2-0: Ball
3-0: Called Strike
3-1: Foul Ball, location: 2F
3-2: Foul Ball, location: 2F
3-2: Foul Ball, location: 2F
3-2: Foul Ball, location: 2F
3-2: Strikes out swinging
Batting: LHB Rafael Sánchez 0-0: Ball
1-0: Called Strike
1-1: Ground out 4-3 (Groundball, 34)
Alfredo Pizarro scores
Roberto Sánchez to second
Batting: RHB Lionel McCloud 0-0: Foul Ball, location: 2F
0-1: Ground out 5-3 (Groundball, 56S)
Bottom of the 4th over - 1 run, 1 hit, 0 errors, 1 left on base; Phoenix 3 - Northern Virginia 1
TOP OF THE 5TH
Phoenix Hotspur batting - Pitching for Northern Virginia Rainbow Mermaids : RHP Natalino Golaio
Batting: RHB Kyle Bywaters 0-0: Hit by Pitch
Batting: LHB Francisco García 0-0: Swinging Strike
0-1: Ball
1-1: Fly out, F8 (Line Drive, 89XD)
Batting: SHB Jesús González 0-0: Called Strike
Kyle Bywaters steals 2nd base
0-1: Ball
1-1: Called Strike
1-2: Foul Ball, location: 2F
1-2: Strikes out looking
Batting: RHB Randy Rehling 0-0: Ball
1-0: Ball
2-0: Foul Ball, location: 2F
2-1: Ground out 3-1 (Groundball, 34S)
Top of the 5th over - 0 runs, 0 hits, 0 errors, 1 left on base; Phoenix 3 - Northern Virginia 1
BOTTOM OF THE 5TH
Northern Virginia Rainbow Mermaids batting - Pitching for Phoenix Hotspur : RHP Miguel Rubia
Batting: LHB Guillermo Arellano 0-0: Swinging Strike
0-1: Ball
1-1: Ball
2-1: Fly out, F9 (Flyball, 9D)
Batting: RHB Colt Cabana 0-0: Called Strike
0-1: Swinging Strike
0-2: Strikes out swinging
Batting: RHB Brett Callison 0-0: Foul Ball, location: 2F
0-1: Foul Ball, location: 2F
0-2: Ball
1-2: Ball
2-2: Ball
3-2: Foul Ball, location: 2F
3-2: Base on Balls
Batting: LHB Ty Tomblin 0-0: Called Strike
0-1: DOUBLE (Line Drive, 5D)
Brett Callison to third
Runner from 3rd tries for Home, SAFE, no throw
Batting: RHB Alfredo Pizarro 0-0: Called Strike
0-1: Fly out, F9 (Line Drive, 9S)
Bottom of the 5th over - 1 run, 1 hit, 0 errors, 1 left on base; Phoenix 3 - Northern Virginia 2
TOP OF THE 6TH
Phoenix Hotspur batting - Pitching for Northern Virginia Rainbow Mermaids : RHP Natalino Golaio
Batting: RHB Ted Cook 0-0: Ball
1-0: Ball
2-0: Called Strike
2-1: Swinging Strike
2-2: Ball
3-2: Foul Ball, location: 2F
3-2: Strikes out swinging
Batting: LHB Shojiro Ueda 0-0: Ball
1-0: Ball
2-0: Called Strike
2-1: Foul Ball, location: 2F
2-2: Fly out, F6 (Line Drive, 6)
Batting: RHB Pierre Bernard 0-0: Ball
1-0: Fly out, F8 (Line Drive, 8RM)
Top of the 6th over - 0 runs, 0 hits, 0 errors, 0 left on base; Phoenix 3 - Northern Virginia 2
BOTTOM OF THE 6TH
Northern Virginia Rainbow Mermaids batting - Pitching for Phoenix Hotspur : RHP Miguel Rubia
Batting: LHB Roberto Sánchez 0-0: Called Strike
0-1: Ball
1-1: Called Strike
1-2: Ball
2-2: Ground out 1-3 (Groundball, P)
Batting: SHB Eustacio Tafalla 0-0: Fly out, F7 (Flyball, 7S)
Batting: LHB Rafael Sánchez 0-0: Called Strike
0-1: Ball
1-1: Foul Ball, location: 2F
1-2: Foul Ball, location: 2F
1-2: Ball
2-2: Strikes out swinging
Bottom of the 6th over - 0 runs, 0 hits, 0 errors, 0 left on base; Phoenix 3 - Northern Virginia 2
TOP OF THE 7TH
Phoenix Hotspur batting - Pitching for Northern Virginia Rainbow Mermaids : RHP Natalino Golaio
Batting: LHB Wagaw Lukongolo 0-0: Swinging Strike
0-1: Swinging Strike
0-2: Ball
1-2: Ball
2-2: Foul Ball, location: 2F
2-2: Ball
3-2: Ground out 4-3 (Groundball, 4M)
Batting: RHB Roland Deschain 0-0: Foul Ball, location: 2F
0-1: Fly out, F8 (Flyball, 8LD)
Batting: RHB Kyle Bywaters 0-0: Ground out 5-3 (Groundball, 5)
Top of the 7th over - 0 runs, 0 hits, 0 errors, 0 left on base; Phoenix 3 - Northern Virginia 2
BOTTOM OF THE 7TH
Northern Virginia Rainbow Mermaids batting - Pitching for Phoenix Hotspur : RHP Miguel Rubia
Batting: RHB Lionel McCloud 0-0: Reached on error, E1 (Groundball, 15S)
Batting: LHB Guillermo Arellano 0-0: Ball
1-0: Fly out, F8 (Flyball, 8RXD)
Batting: RHB Colt Cabana 0-0: Ball
1-0: Ball
Lionel McCloud steals 2nd base
2-0: Ground out 4-3 (Groundball, 4)
Lionel McCloud to third
Batting: RHB Brett Callison 0-0: Ball
1-0: Called Strike
1-1: Foul Ball, location: 2F
1-2: Ball
2-2: Ball
3-2: Base on Balls
Batting: LHB Ty Tomblin 0-0: Swinging Strike
0-1: Ball
1-1: Foul Ball, location: 2F
1-2: Ball
2-2: Ball
3-2: Ground out 6-3 (Groundball, 6)
Bottom of the 7th over - 0 runs, 0 hits, 1 error, 2 left on base; Phoenix 3 - Northern Virginia 2
TOP OF THE 8TH
Phoenix Hotspur batting - Pitching for Northern Virginia Rainbow Mermaids : RHP Natalino Golaio
Pitching: RHP David Hudson
Batting: LHB Francisco García 0-0: Called Strike
0-1: Ball
1-1: Called Strike
1-2: Strikes out looking
Batting: SHB Jesús González 0-0: Called Strike
0-1: Swinging Strike
0-2: Ball
1-2: Foul Ball, location: 2F
1-2: Foul Ball, location: 2F
1-2: Foul Ball, location: 2F
1-2: Foul Ball, location: 2F
1-2: Foul Ball, location: 2F
1-2: Foul Ball, location: 2F
1-2: Strikes out looking
Batting: RHB Randy Rehling 0-0: Fly out, F6 (Popup, 6M)
Top of the 8th over - 0 runs, 0 hits, 0 errors, 0 left on base; Phoenix 3 - Northern Virginia 2
BOTTOM OF THE 8TH
Northern Virginia Rainbow Mermaids batting - Pitching for Phoenix Hotspur : RHP Miguel Rubia
Batting: RHB Alfredo Pizarro 0-0: Ball
1-0: Fly out, F8 (Flyball, 89D)
Batting: LHB Roberto Sánchez 0-0: Called Strike
0-1: Swinging Strike
0-2: Strikes out swinging
Batting: SHB Eustacio Tafalla 0-0: Called Strike
0-1: Foul Ball, location: 2F
0-2: Ball
1-2: Ball
2-2: Foul Ball, location: 2F
2-2: Foul Ball, location: 2F
2-2: Foul Ball, location: 2F
2-2: Strikes out swinging
Bottom of the 8th over - 0 runs, 0 hits, 0 errors, 0 left on base; Phoenix 3 - Northern Virginia 2
TOP OF THE 9TH
Phoenix Hotspur batting - Pitching for Northern Virginia Rainbow Mermaids : RHP David Hudson
Batting: RHB Ted Cook 0-0: Ball
1-0: Ball
2-0: Swinging Strike
2-1: Ground out 5-3 (Groundball, 5)
Batting: LHB Shojiro Ueda 0-0: Ball
1-0: Ball
2-0: Called Strike
2-1: Ball
3-1: Foul Ball, location: 2F
3-2: Base on Balls
Batting: RHB Pierre Bernard 0-0: Called Strike
0-1: Ball
1-1: Foul Ball, location: 2F
1-2: Ball
2-2: Strikes out looking
Batting: LHB Wagaw Lukongolo 0-0: Ball
1-0: Ball
2-0: Called Strike
2-1: Foul Ball, location: 2F
2-2: Ball
3-2: Strikes out swinging
Top of the 9th over - 0 runs, 0 hits, 0 errors, 1 left on base; Phoenix 3 - Northern Virginia 2
BOTTOM OF THE 9TH
Northern Virginia Rainbow Mermaids batting - Pitching for Phoenix Hotspur : RHP Miguel Rubia
Batting: LHB Rafael Sánchez 0-0: Ball
1-0: Called Strike
1-1: Ball
2-1: Fly out, F9 (Flyball, 9)
Batting: RHB Lionel McCloud 0-0: Ball
1-0: Called Strike
1-1: Foul Ball, location: 2F
1-2: Foul Ball, location: 2F
1-2: Foul Ball, location: 2F
1-2: Ground out 5-3 (Groundball, 56)
Pitching: RHP Alexander Weareorwear
Batting: LHB Guillermo Arellano 0-0: Called Strike
0-1: Foul Ball, location: 2F
0-2: Strikes out swinging
Bottom of the 9th over - 0 runs, 0 hits, 0 errors, 0 left on base; Phoenix 3 - Northern Virginia 2
Tuesday, December 19th, 2017 - OOTP Baseball 18.8 Build 76